 Dungeon Crawl Stone Soup version 0.21.1-1-g345015f (webtiles) character file.

2203 Fang the Cleaver (level 9, -2/56 HPs)
             Began as a Gargoyle Berserker on May 11, 2018.
             Was an Elder of Trog.
             Slain by an orc priest
             ... wielding a +0 flail
              (4 damage)
             ... while paralysed
             ... on level 6 of the Dungeon.
             The game lasted 00:11:49 (6679 turns).

Fang the Cleaver (Gargoyle Berserker)               Turns: 6679, Time: 00:11:49

Health: -2/56      AC: 11    Str: 25    XL:     9   Next: 34%
Magic:  9/9        EV:  2    Int:  7    God:    Trog [****..]
Gold:   330        SH:  0    Dex:  9    Spells: 8/8 levels left

rFire    + . .     SeeInvis +   a - +0 hand axe
rCold    . . .     Gourm    .   (no shield)
rNeg     + . .     Faith    .   h - +2 leather armour {rF+}
rPois    ∞         Spirit   .   (no helmet)
rElec    +         Reflect  .   s - scarf {cloud immunity}
rCorr    +         Harm     .   (no gloves)
MR       .....                  (no boots)
Stlth    +.........             (no amulet)
HPRegen  0.18/turn              j - ring of resist corrosion
MPRegen  0.11/turn              g - ring of see invisible

@: paralysed, berserk cooldown, slowed
A: negative energy resistance 1, electricity resistance, unbreathing,
petrification resistance, rot immunity, AC +6
a: Berserk, Trog's Hand, Brothers in Arms, Burn Spellbooks, Renounce Religion


You were on level 6 of the Dungeon.
You worshipped Trog.
Trog was greatly pleased with you.
You were not hungry.

You visited 1 branch of the dungeon, and saw 6 of its levels.
You also visited: Sewer.

You collected 330 gold pieces.

Inventory:

Hand Weapons
 a - a +0 hand axe (weapon)
Armour
 h - a +2 leather armour of fire resistance (worn)
 s - a scarf of cloud immunity (worn)
Jewellery
 d - an uncursed ring of fire
 g - a ring of see invisible (right hand)
 j - a ring of resist corrosion (left hand)
Wands
 r - a wand of random effects (24)
Scrolls
 b - 5 scrolls of teleportation
 f - 3 scrolls of remove curse
 i - 2 scrolls of fear
 q - 3 scrolls of fog
Potions
 e - 2 potions of agility
 k - 2 potions of lignification
 l - 2 potions of flight
 m - a potion of cancellation
 n - a potion of might
 o - 4 potions of curing {unknown}
 p - 2 potions of mutation
 t - a potion of resistance
 v - a potion of haste {unknown}
Comestibles
 c - 6 rations


   Skills:
 + Level 6.9 Fighting
 + Level 8.3 Axes
 + Level 4.0 Armour
 + Level 4.8 Dodging
 + Level 1.9 Stealth


You had 8 spell levels left.
You didn't know any spells.

Dungeon Overview and Level Annotations

Branches:
Dungeon (6/15)
 Temple: D:4-7

Altars:
Hepliaklqana
Qazlal
Xom
Yredelemnul

Shops:
D:4 [


Innate Abilities, Weirdness & Mutations

You are resistant to torment.
Your stone body is resilient. (AC +6)
You are immune to poison.
You resist negative energy. (rN+)
You are resistant to electric shocks. (rElec)
You can survive without breathing.
You are immune to petrification.
You are immune to rotting.


Message History

You kill the orc priest!
Trog accepts your kill.
The orc priest begins to cast a cantrip, but forgets the words!
Items here: ) [ †† a chain mail; a falchion; an orc corpse x2
You hit the orc priest.
The orc priest is heavily wounded.
You hit the orc priest.
The orc priest is severely wounded.
The orc priest completely misses you.
You barely miss the orc priest.
The orc priest is severely wounded.
You are no longer berserk.
You pass out from exhaustion.
You feel yourself slow down.
The orc priest calls down the wrath of Beogh upon you.
Beogh smites you!
* * * LOW HITPOINT WARNING * * *
The orc priest hits you with a flail.
You die...

##### ###.....
... ..# #.##.# #
#....##.###.# #
##.##)@oo....#
#.#.....##.#####
#..........#
###....#####
###.## #.# #.#
#.# #.#


You could see 2 orc priests.

Vanquished Creatures
  Pikel (D:4)
  Grinder (D:4)
  Eustachio (D:5)
  Edmund (D:4)
  A centaur (D:5)
  A big kobold (Sewer)
  A gnoll sergeant (D:5)
  A bullfrog (D:6)
  2 wyvern zombies
  The ghost of Fang the Skirmisher, a weakling GrBe of Trog (D:3)
  3 howler monkeys (D:4)
  3 crimson imps (D:5)
  2 orc priests
  An iguana (D:6)
  6 orc wizards
  6 worker ants
  A killer bee zombie (D:5)
  A hound zombie (D:5)
  A howler monkey skeleton (D:4)
  4 gnolls
  7 adders
  3 river rats
  An ooze (D:1)
  An adder skeleton (D:4)
  3 worms
  A dart slug (D:2)
  5 leopard geckos
  31 orcs
  7 bats
  5 giant cockroaches
  2 gnoll zombies (D:4)
  13 goblins
  7 hobgoblins
  9 jackals
  2 ball pythons
  5 frilled lizards
  9 kobolds
  9 rats
159 creatures vanquished.

Vanquished Creatures (others)
  2 slaves (D:4)
  A bullfrog zombie (D:4)
  A worker ant (D:4)
  A bat (D:4)
5 creatures vanquished.

Grand Total: 164 creatures vanquished

Notes
Turn   | Place    | Note
-------+----------+-------------------------------------------
     0 | D:1      | Fang the Gargoyle Berserker began the quest for the Orb.
     0 | D:1      | Reached XP level 1. HP: 14/14 MP: 1/1
   101 | D:1      | Reached skill level 3 in Axes
   101 | D:1      | Reached XP level 2. HP: 11/20 MP: 2/2
   387 | D:1      | Reached XP level 3. HP: 9/24 MP: 3/3
  1410 | D:2      | Found a shimmering altar of Xom.
  1410 | D:2      | Found a shimmering altar of Xom.
  1411 | D:2      | Found a shimmering altar of Xom.
  1419 | D:2      | Found a shimmering altar of Xom.
  1420 | D:2      | Found a shimmering altar of Xom.
  1530 | D:2      | Reached XP level 4. HP: 12/29 MP: 4/4
  1732 | D:2      | Found a hazy altar of Hepliaklqana.
  2405 | D:3      | Reached ** piety under Trog
  2824 | D:3      | Noticed Fang's ghost (weakling GrBe)
  2849 | D:3      | Killed Fang's ghost
  2849 | D:3      | Reached skill level 4 in Axes
  2849 | D:3      | Reached XP level 5. HP: 13/34 MP: 5/5
  3581 | D:4      | Found a stormy altar of Qazlal.
  3582 | D:4      | Noticed a water elemental
  3585 | D:4      | Noticed an air elemental
  3589 | D:4      | Noticed a fire elemental
  3590 | D:4      | Noticed Pikel
  3590 | D:4      | Noticed a slave
  3592 | D:4      | Noticed a slave
  3598 | D:4      | Noticed a slave
  3600 | D:4      | Noticed a slave
  3603 | D:4      | Killed Pikel
  3603 | D:4      | Reached skill level 5 in Fighting
  3603 | D:4      | Reached skill level 5 in Axes
  3603 | D:4      | Reached XP level 6. HP: 40/40 MP: 6/6
  3603 | D:4      | Reached XP level 7. HP: 44/44 MP: 7/7
  3706 | D:4      | Noticed Grinder
  3707 | D:4      | Found Roam's Armour Emporium.
  3709 | D:4      | Reached *** piety under Trog
  3714 | D:4      | Paralysed by Grinder for 6 turns
  3727 | D:4      | Paralysed by Grinder for 4 turns
  3741 | D:4      | Killed Grinder
  3741 | D:4      | Reached skill level 6 in Axes
  3741 | D:4      | Reached skill level 1 in Stealth
  3741 | D:4      | Reached XP level 8. HP: 14/50 MP: 8/8
  3989 | D:4      | Found a glowing drain.
  3994 | D:4      | Noticed Edmund
  4003 | D:4      | Killed Edmund
  4013 | Sewer    | Entered a sewer
  4154 | Sewer    | Found a glowing silver altar of Zin.
  4610 | D:4      | Found a basalt altar of Yredelemnul.
  4643 | D:5      | Entered Level 5 of the Dungeon
  4677 | D:5      | Reached skill level 7 in Axes
  4708 | D:5      | Reached **** piety under Trog
  5358 | D:5      | Noticed Eustachio
  5380 | D:5      | Killed Eustachio
  5380 | D:5      | Reached XP level 9. HP: 56/56 MP: 9/9
  6035 | D:5      | Reached skill level 8 in Axes
  6678 | D:6      | HP: 2/56 [orc priest/divine providence (10)]
  6679 | D:6      | Slain by an orc priest

Skill      XL: |  1  2  3  4  5  6  7  8  9 |
---------------+----------------------------+-----
Axes           | 3 4 5 6 7 8 |  8.3
Dodging        | 2 3 4 |  4.8
Fighting       | 4 5 6 |  6.9
Armour         | 3 4 |  4.0
Stealth        | 1 |  1.9

Action                   |  1- 3 |  4- 6 |  7- 9 || total
-------------------------+-------+-------+-------++-------
Melee: Hand axe          |   103 |   179 |   416 ||   698
Invok: Berserk           |     1 |     3 |     8 ||    12
  Use: Scroll            |       |     5 |     6 ||    11
       Potion            |       |       |     5 ||     5
 Stab: Sleeping          |       |       |     2 ||     2
  Eat: Chunk             |     2 |     6 |    13 ||    21
       Ration            |       |     1 |     2 ||     3
Armor: Animal skin       |     7 |       |       ||     7
       Leather armour    |    40 |    61 |   168 ||   269
       Skin              |       |       |    52 ||    52
Dodge: Dodged            |    65 |   124 |   242 ||   431
